 Dungeon Crawl Stone Soup version 0.19.0-2-gae57169 (webtiles) character file.

173685 Medar the Executioner (level 17, -6/144 HPs)
             Began as a Minotaur Fighter on Nov 4, 2016.
             Was a Follower of Uskayaw.
             Mangled by a spark wasp (16 damage)
             ... on level 4 of the Spider Nest.
             The game lasted 02:04:09 (32206 turns).

Medar the Executioner (Minotaur Fighter)           Turns: 32206, Time: 02:04:09

Health: -6/144     AC: 17    Str: 31    XL:     17   Next: 43%
Magic:  24/24      EV: 12    Int:  5    God:    Uskayaw [*.....]
Gold:   899        SH:  4    Dex: 15    Spells: 0 memorised, 16 levels left

rFire  + . .     SeeInvis +     a - +5 executioner's axe (freeze)
rCold  + . .     Gourm    .     z - +1 chain mail {rF+}
rNeg   + . .     Faith    .     (shield currently unavailable)
rPois  +         Spirit   .     (helmet unavailable)
rElec  .         Reflect  .     e - +2 cloak
rCorr  .         Harm     .     J - +2 pair of gloves {Str+3}
MR     ++++.     Clarity  +     S - +0 pair of boots
Stlth  ..........               T - amulet of the Four Winds {rN+ MR+++ Clar}
                                L - +5 ring of strength
                                D - ring "Enaov" {rPois rC+ Stlth+}

@: no status effects
A: retaliatory headbutt, horns 3, large bone plates 1, see invisible, clarity,
deformed body, wild magic 1
a: Stomp, Renounce Religion


You were on level 4 of the Spider Nest.
You worshipped Uskayaw.
Uskayaw was aware of your devotion.
You were very hungry.

You visited 5 branches of the dungeon, and saw 28 of its levels.
You also visited: Ice Cave.

You collected 2713 gold pieces.
You spent 1814 gold pieces at shops.

Inventory:

Hand Weapons
 a - a +5 executioner's axe of freezing (weapon)
Missiles
 H - 4 javelins (quivered)
Armour
 e - a +2 cloak (worn)
 z - a +1 chain mail of fire resistance (worn)
 J - a +2 pair of gloves of strength (worn)
 S - a +0 pair of boots (worn)
Magical Staves
 o - an uncursed staff of air
Rods
 b - a +2 rod of clouds (12/12) {!a}
   (You found it on level 6 of the Lair of Beasts)
 c - a +2 rod of shadows (11/11) {!a}
   (You found it on level 15 of the Dungeon)
Jewellery
 A - an uncursed ring of positive energy
 D - the ring "Enaov" (left hand) {rPois rC+ Stlth+}
   (You found it on level 4 of the Lair of Beasts)

   [ring of stealth]

   It protects you from cold.
   It protects you from poison.
   It makes you more stealthy.
 L - a +5 ring of strength (right hand)
 T - the amulet of the Four Winds (around neck) {rN+ MR+++ Clar}
   (You bought it in a shop on level 9 of the Dungeon)

   [amulet of nothing]

   It protects you from negative energy.
   It affects your resistance to hostile enchantments.
   It protects you against confusion.
 U - an uncursed ring of resist corrosion
 V - an uncursed ring of flight
Wands
 n - a wand of enslavement (4/24)
 q - a wand of confusion (10/48)
 w - a wand of slowing (15/48)
 G - a wand of digging (4/24)
 O - a wand of paralysis (0/24)
 W - a wand of disintegration (8/24)
 Y - a wand of lightning (0/15)
 Z - a wand of iceblast (1/15)
Scrolls
 h - a scroll of fog
 i - 2 scrolls of recharging
 r - 6 scrolls of remove curse {@r1}
 x - 2 scrolls of fear
 y - a scroll of identify {@r2}
 B - 4 scrolls of teleportation
 C - a scroll of magic mapping {@r3}
 R - a scroll of holy word
Potions
 d - 4 potions of might
 l - 2 potions of ambrosia
 m - 3 potions of flight
 t - 7 potions of curing {@q1}
 u - 7 potions of brilliance
 E - 2 potions of cure mutation {!q}
 I - a potion of haste
 M - 4 potions of agility
 Q - 2 potions of cancellation
 X - a potion of resistance
Miscellaneous
 g - a lamp of fire
 K - a phial of floods
 N - a box of beasts
Comestibles
 f - 11 bread rations {@e1}
 j - 4 meat rations {@e2}
 v - 31 fruits {@e3}


   Skills:
 + Level 11.5 Fighting
 + Level 24.6(25.6) Axes
   Level 14.0(20.8) Polearms
 + Level 11.9 Armour
 - Level 4.5 Dodging
   Level 4.6 Shields
 + Level 11.1 Invocations
 - Level 5.5 Evocations


You had 16 spell levels left.
You didn't know any spells.

Dungeon Overview and Level Annotations

Branches:
Dungeon (15/15)            Temple (1/1) D:4            Lair (6/6) D:10
 Shoals (0/4) Lair:2       Spider (4/4) Lair:3        Slime (0/5) Lair:5
    Orc (2/2) D:11            Elf (0/3) Orc:2        Vaults (0/5) D:13
 Depths (0/5) D:15

Altars:
Ashenzari
Cheibriados
Dithmenos
Elyvilon
Fedhas
Gozag
Hepliaklqana
Kikubaaqudgha
Makhleb
Nemelex Xobeh
Okawaru
Qazlal
Ru
Sif Muna
Trog
Uskayaw
Vehumet
Xom
Yredelemnul
Zin
The Shining One

Shops:
D:4 %   D:7 [   D:9 *   D:12 ?[:(   D:14 (   Orc:1 (   Orc:2 *:[(


Innate Abilities, Weirdness & Mutations

You reflexively headbutt those who attack you in melee.
You have a pair of large horns on your head.
You are partially covered in large bone plates. (SH +4)
You have supernaturally acute eyesight. (SInv)
You possess an exceptional clarity of mind.
Armour fits poorly on your strangely shaped body.
Your spells are a little harder to cast, but a little more powerful.


Message History

Aim: a spark wasp (chance to defeat MR: 39%)
The spark wasp resists with some effort.
Evoking this partially-identified wand wasted a few charges.
The spark wasp stings you!
* * * LOW HITPOINT WARNING * * *
The spark wasp shocks you!
* * * LOW HITPOINT WARNING * * *
The spark wasp stings you but does no damage.
Okay, then.
Press: ? - help, v - describe, . - travel, g - get item
Here: a spark wasp A redback corpse.
The floor.
As you read the scroll of fear, it crumbles to dust.
You assume a fearsome visage.
The spark wasp resists with some effort.
The spark wasp stings you!
* * * LOW HITPOINT WARNING * * *
The spark wasp shocks you!
You die...

.........(...##............
....).............†.^......
.........#..........#....#
..^.....#......†........#
..#.....#.......#..........
...†.^.........#####.......
.....^...#.....### ..^....
...............y@# #......
................## ##..#.
....^.....^.....# ###
#################


You could see a spark wasp.

Vanquished Creatures
  Agnes (Spider:2)
  Louise (D:14)
  2 ghost moths
  An orc warlord (Orc:1)
  6 emperor scorpions
  A reaper (IceCv)
  Azrael (D:12)
  3 entropy weavers
  A dire elephant (Lair:4)
  A spark wasp (Spider:2)
  Snorg (D:11)
  Josephine (D:14)
  A great orb of eyes (D:15)
  4 vault guards (D:13)
  Fannar (D:10)
  2 ogre magi
  4 hydras
  2 centaur warriors
  10 death yaks
  2 orc high priests (Orc:2)
  4 skeletal warriors (D:15)
  Nergalle (Lair:2)
  2 unseen horrors
  7 hill giants
  3 orc knights (Orc:2)
  13 wizards (D:12)
  2 manticores
  4 orc sorcerers
  6 deep elf magi (D:12)
  26 wolf spiders
  23 orb spiders
  2 cyclopes (D:13)
  11 ugly things
  A salamander (D:15)
  A moth of wrath (Spider:2)
  24 elephants
  Maurice (D:12)
  5 black mambas
  2 rust devils (D:7)
  2 ice statues (IceCv)
  A siren (Lair:2)
  Psyche (D:8)
  3 gargoyles
  10 spiny frogs
  2 torpor snails
  2 efreet
  10 demonic crawlers
  3 kobold demonologists
  4 centaur skeletons
  5 rime drakes
  6 komodo dragons
  10 ice devils (IceCv)
  25 jumping spiders
  4 merfolk
  2 hornets (Spider:3)
  6 trolls
  4 two-headed ogres
  Prince Ribbit (D:5)
  10 dream sheep
  9 polar bears
  5 raiju (Lair:6)
  21 blink frogs
  3 slime creatures (Lair:5)
  A dream sheep (shapeshifter) (D:15)
  7 hippogriffs
  A shadow (D:11)
  73 redbacks
  A spriggan (Lair:4)
  A hog (shapeshifter) (D:15)
  20 tarantellas
  37 yaks
  3 fire elementals (D:12)
  6 wyverns
  4 wraiths
  Grum (Lair:1)
  A basilisk (Lair:2)
  A mottled dragon (D:12)
  2 hungry ghosts
  8 wargs
  3 soldier ants
  34 orc warriors
  10 water moccasins
  6 hell hounds
  11 porcupines
  2 ice beasts
  An eye of draining (D:9)
  A phantom (D:11)
  15 black bears
  2 necrophages (D:10)
  2 sky beasts
  17 ogres
  5 boggarts (D:14)
  30 wolves
  12 centaurs
  12 crocodiles
  Blork the orc (D:5)
  A big kobold (D:14)
  17 bullfrogs
  A wyvern zombie (D:6)
  A wyvern skeleton (D:8)
  A water moccasin skeleton (D:6)
  4 scorpions
  10 wights
  15 killer bees
  4 howler monkeys
  11 crimson imps
  4 centaur zombies
  6 bullfrog zombies
  26 hounds
  A quasit (D:13)
  19 orc priests
  A bullfrog skeleton (D:13)
  9 jellies
  27 orc wizards
  6 iguanas
  12 worker ants
  4 hell rats (Lair:6)
  A killer bee zombie (D:8)
  2 hound zombies (D:7)
  2 worker ant zombies
  4 gnolls (D:5)
  9 adders
  4 shadow imps
  7 white imps (IceCv)
  10 ufetubi (IceCv)
  An ooze (D:3)
  2 adder skeletons (D:5)
  2 worms
  2 dart slugs
  5 leopard geckos
  95 orcs
  3 ball pythons
  3 bats
  7 giant cockroaches
  6 hobgoblins
  9 jackals
  7 quokkas
  10 frilled lizards
  12 goblins
  9 kobolds
  A quokka zombie (D:8)
  5 rats
  8 fungi
  2 plants (Lair:6)
1072 creatures vanquished.

Vanquished Creatures (collateral kills)
  A hydra (Lair:6)
  An orb spider (Spider:4)
  An orc warrior (Orc:2)
3 creatures vanquished.

Vanquished Creatures (others)
  A jumping spider (Spider:4)
  3 orc warriors
  An orc wizard (D:7)
  2 ufetubi (IceCv)
  2 orcs (D:12)
  13 fungi
  9 plants (Lair:6)
31 creatures vanquished.

Grand Total: 1106 creatures vanquished

Notes
Turn   | Place    | Note
-------+----------+-------------------------------------------
     0 | D:1      | Medar the Minotaur Fighter began the quest for the Orb.
     0 | D:1      | Reached XP level 1. HP: 19/19 MP: 0/0
   152 | D:1      | Reached XP level 2. HP: 26/26 MP: 1/1
   543 | D:2      | Reached XP level 3. HP: 22/31 MP: 2/2
   584 | D:2      | Found a shimmering altar of Xom.
  1009 | D:2      | Reached skill level 5 in Polearms
  1146 | D:3      | Reached XP level 4. HP: 39/39 MP: 3/3
  1250 | D:3      | Found a stormy altar of Qazlal.
  1489 | D:4      | Reached XP level 5. HP: 45/45 MP: 4/4
  1620 | D:4      | Noticed an ogre
  1731 | D:4      | Found a staircase to the Ecumenical Temple.
  1756 | Temple   | Entered the Ecumenical Temple
  1999 | D:4      | Reached XP level 6. HP: 48/51 MP: 5/5
  2052 | D:4      | Found Yraeq's Food Shoppe.
  2337 | D:5      | Entered Level 5 of the Dungeon
  2359 | D:5      | Noticed Blork the orc
  2529 | D:5      | Killed Blork the orc
  2529 | D:5      | Reached XP level 7. HP: 57/57 MP: 6/6
  3402 | D:5      | Noticed Prince Ribbit
  3669 | D:5      | Reached skill level 10 in Polearms
  3737 | D:5      | Killed Prince Ribbit
  3737 | D:5      | Reached XP level 8. HP: 53/64 MP: 7/7
  4164 | D:6      | Found a stormy altar of Qazlal.
  4241 | D:6      | Reached skill level 1 in Dodging
  4542 | D:6      | Reached XP level 9. HP: 68/73 MP: 8/8
  4562 | D:6      | Reached skill level 5 in Armour
  4697 | D:7      | Reached skill level 5 in Fighting
  4733 | D:7      | Found a glowing golden altar of the Shining One.
  4739 | D:7      | Found a shadowy altar of Dithmenos.
  4757 | D:7      | Found a deep blue altar of Sif Muna.
  4985 | D:7      | Found Mutuph's Antique Armour Boutique.
  4996 | D:7      | Bought a pair of runed gloves for 220 gold pieces
  5384 | D:7      | Noticed a rust devil
  5384 | D:7      | Noticed a rust devil
  5499 | D:8      | Noticed Psyche
  5507 | D:8      | Killed Psyche
  5507 | D:8      | Reached XP level 10. HP: 86/86 MP: 9/9
  5936 | D:8      | Gained mutation: Armour fits poorly on your strangely shaped body. [mutagenic meat]
  5937 | D:8      | Gained mutation: You possess an exceptional clarity of mind. [mutagenic meat]
  5938 | D:8      | Gained mutation: You are partially covered in large bone plates. (SH +4) [mutagenic meat]
  5939 | D:8      | Gained mutation: Your spells are a little harder to cast, but a little more powerful. [mutagenic meat]
  5940 | D:8      | Gained mutation: You have a pair of large horns on your head. [mutagenic meat]
  6141 | D:9      | Found Ejeuff's Assorted Antiques.
  6628 | D:9      | Reached skill level 1 in Evocations
  6775 | D:9      | Found a hide-covered altar of Uskayaw.
  6775 | D:9      | Found a sacrificial altar of Ru.
  6775 | D:9      | Found a burning altar of Makhleb.
  6776 | D:9      | Found a bloodstained altar of Trog.
  6779 | D:9      | Found an ancient bone altar of Kikubaaqudgha.
  6783 | D:9      | Became a worshipper of Uskayaw the Reveler
  6860 | D:9      | Reached * piety under Uskayaw
  7087 | D:9      | Reached ** piety under Uskayaw
  7151 | D:10     | Entered Level 10 of the Dungeon
  7201 | D:10     | Reached *** piety under Uskayaw
  7210 | D:10     | Reached **** piety under Uskayaw
  7216 | D:10     | Reached ***** piety under Uskayaw
  7479 | D:10     | Noticed Fannar
  7484 | D:10     | Noticed an elephant
  7504 | D:10     | Killed Fannar
  7504 | D:10     | Reached skill level 5 in Evocations
  7504 | D:10     | Reached XP level 11. HP: 88/95 MP: 8/14
  7508 | D:10     | Reached skill level 1 in Invocations
  7522 | D:10     | Found a staircase to the Lair.
  7532 | D:10     | Noticed a death yak
  7545 | D:10     | Killed a death yak
  7772 | D:10     | Noticed a green ugly thing
  7785 | D:10     | Killed a green ugly thing
  7785 | D:10     | Reached skill level 5 in Invocations
  8038 | Lair:1   | Entered Level 1 of the Lair of Beasts
  8205 | Lair:1   | Noticed Grum
  8223 | Lair:1   | Killed Grum
  8236 | Lair:1   | Reached ****** piety under Uskayaw
  8731 | Lair:2   | Found a staircase to the Shoals.
  9040 | Lair:2   | Reached XP level 12. HP: 82/104 MP: 17/17
  9242 | Lair:2   | Noticed Nergalle
  9255 | Lair:2   | Killed Nergalle
  9759 | Lair:3   | Reached skill level 10 in Armour
  9817 | Lair:3   | Reached skill level 10 in Fighting
  9955 | Lair:3   | Found a hole to the Spider Nest.
 10112 | Lair:3   | Reached skill level 10 in Invocations
 10648 | Lair:4   | Found a frozen archway.
 10794 | IceCv    | Entered an ice cave
 11004 | IceCv    | Reached XP level 13. HP: 90/116 MP: 20/20
 11152 | IceCv    | Reached skill level 1 in Axes
 11177 | IceCv    | Reached skill level 2 in Axes
 11202 | IceCv    | Reached skill level 3 in Axes
 11303 | IceCv    | Reached skill level 4 in Axes
 11312 | IceCv    | Noticed a reaper
 11346 | IceCv    | Killed a reaper
 11346 | IceCv    | Reached skill level 5 in Axes
 11732 | Lair:4   | Got a wavering bone ring
 11736 | Lair:4   | Identified the ring "Enaov" {rPois rC+ Stlth+} (You found it on level 4 of the Lair of Beasts)
 11771 | Lair:4   | Reached skill level 6 in Axes
 12022 | Lair:4   | Reached skill level 7 in Axes
 12235 | Lair:4   | Reached skill level 8 in Axes
 12251 | Lair:4   | Noticed a dire elephant
 12546 | Lair:5   | Reached skill level 9 in Axes
 12730 | Lair:5   | Reached skill level 10 in Axes
 13204 | Lair:5   | Found a staircase to the Slime Pits.
 13256 | Lair:5   | Got a pitted war axe
 13257 | Lair:5   | Identified the +6 war axe "Veoblaig" {chop, *Corrode +Inv rC+} (You found it on level 5 of the Lair of Beasts)
 13302 | Lair:6   | Entered Level 6 of the Lair of Beasts
 13310 | Lair:5   | Reached skill level 11 in Axes
 13661 | Lair:6   | Reached skill level 12 in Axes
 13820 | Lair:6   | Reached XP level 14. HP: 70/124 MP: 21/21
 13946 | Lair:6   | Reached skill level 13 in Axes
 14221 | Lair:6   | Identified a scroll of acquirement
 14314 | Lair:6   | Reached skill level 14 in Axes
 15018 | Lair:6   | Reached skill level 15 in Axes
 15280 | Lair:6   | Identified a +2 rod of clouds (12/12) (You found it on level 6 of the Lair of Beasts)
 15626 | Lair:3   | Found a burning altar of Makhleb.
 16025 | D:10     | Reached skill level 16 in Axes
 16240 | D:11     | Found a shadowy altar of Dithmenos.
 16265 | D:11     | Got a pitted shield
 16272 | D:11     | Identified the +3 shield "Vupuylag" {-Tele MR- MP+9 Dex+7} (You acquired it on level 11 of the Dungeon)
 16302 | D:11     | Found a glowing silver altar of Zin.
 16428 | D:11     | Found a staircase to the Orcish Mines.
 16535 | D:11     | Noticed Snorg
 16543 | D:11     | Killed Snorg
 16662 | Orc:1    | Entered Level 1 of the Orcish Mines
 16676 | Orc:1    | Reached skill level 17 in Axes
 16700 | Orc:1    | Found Ykuhor's Antique Weapon Shop.
 17159 | Orc:2    | Entered Level 2 of the Orcish Mines
 17190 | Orc:2    | Found a staircase to the Elven Halls.
 17193 | Orc:2    | Found Zauckiwiap's Antique Weapon Boutique.
 17383 | Orc:2    | Found Moemuon's Book Boutique.
 17781 | Orc:2    | Found Tekoabbe's General Store.
 17782 | Orc:2    | Noticed an orc warlord
 17788 | Orc:2    | Reached XP level 15. HP: 36/130 MP: 22/22
 18078 | Orc:1    | Killed an orc warlord
 18450 | Orc:1    | Paralysed by an orc sorcerer for 4 turns
 18569 | D:9      | Bought the amulet of the Four Winds {rN+ MR+++ Clar} for 1076 gold pieces
 18569 | D:9      | Bought a potion of heal wounds for 180 gold pieces
 18862 | Orc:2    | Bought a scroll of fear for 56 gold pieces
 18862 | Orc:2    | Bought a scroll of teleportation for 48 gold pieces
 18862 | Orc:2    | Bought a scroll of teleportation for 48 gold pieces
 18862 | Orc:2    | Bought a scroll of noise for 16 gold pieces
 18862 | Orc:2    | Bought a scroll of identify for 32 gold pieces
 18967 | Orc:2    | Found Dogg's Antique Armour Shop.
 19282 | D:11     | Reached skill level 18 in Axes
 19401 | D:12     | Found Omikh's Antique Armour Shop.
 19577 | D:12     | Found Launky's Weapon Shop.
 19669 | D:12     | Noticed Azrael
 19677 | D:12     | Killed Azrael
 20548 | D:12     | Reached skill level 19 in Axes
 20588 | D:12     | Found Nuezoh's Book Boutique.
 20607 | D:12     | Noticed Maurice
 20737 | D:12     | Killed Maurice
 21037 | D:12     | Found Abomag's Magic Scroll Emporium.
 21050 | D:12     | Bought a scroll of identify for 24 gold pieces
 21050 | D:12     | Bought a scroll of identify for 24 gold pieces
 21050 | D:12     | Bought a scroll of blinking for 90 gold pieces
 21538 | D:12     | Got an ancient pewter ring
 21540 | D:12     | Identified the ring "Veusin" {Str+3 Stlth-} (You found it on level 12 of the Dungeon)
 21888 | D:13     | Found a gate to the Vaults.
 21894 | D:13     | Reached skill level 20 in Axes
 22488 | D:14     | Noticed Josephine
 22499 | D:14     | Killed Josephine
 22770 | D:14     | Noticed Louise
 22776 | D:14     | Killed Louise
 22893 | D:14     | Found Amoodol's Weapon Shop.
 22998 | D:14     | Found an opulent altar of Gozag.
 23379 | D:15     | Entered Level 15 of the Dungeon
 23584 | D:15     | Gained mutation: You have supernaturally acute eyesight. (SInv) [mutagenic meat]
 23637 | D:15     | Reached XP level 16. HP: 137/137 MP: 23/23
 23654 | D:15     | Found a radiant altar of Vehumet.
 23792 | D:15     | Reached skill level 21 in Axes
 24267 | D:15     | Identified a +2 rod of shadows (11/11) (You found it on level 15 of the Dungeon)
 24618 | D:15     | Found a staircase to the Depths.
 25054 | Spider:1 | Entered Level 1 of the Spider Nest
 25497 | Spider:1 | Reached skill level 22 in Axes
 25971 | Spider:1 | Identified the Compendium of Confrontation
 27026 | Spider:2 | Noticed Agnes
 27031 | Spider:2 | Killed Agnes
 27447 | Spider:2 | Reached skill level 23 in Axes
 28552 | Spider:3 | Reached XP level 17. HP: 140/144 MP: 14/24
 28798 | Spider:4 | Entered Level 4 of the Spider Nest
 29398 | Spider:4 | Reached skill level 24 in Axes
 32206 | Spider:4 | Mangled by a spark wasp

Skill      XL: |  1  2  3  4  5  6  7  8  9 10 11 12 13 14 15 16 17 |
---------------+----------------------------------------------------+-----
Polearms       | 3 4 5 6 7 8 11 12 13 14 | 14.0
Shields        | 4 |  4.6
Fighting       | 4 7 8 9 11 | 11.5
Armour         | 4 7 8 9 11 | 11.9
Dodging        | 2 4 |  4.5
Evocations     | 5 |  5.5
Invocations    | 9 10 11 | 11.1
Axes           | 12 17 20 23 24 | 24.6

Action                   |  1- 3 |  4- 6 |  7- 9 | 10-12 | 13-15 | 16-18 || total
-------------------------+-------+-------+-------+-------+-------+-------++-------
Melee: Trident           |   112 |   124 |   376 |   731 |    95 |       ||  1438
       Headbutt          |    10 |    18 |    69 |   177 |   217 |   102 ||   593
       Executioner's axe |       |       |       |       |   845 |   478 ||  1323
Throw: Javelin           |       |       |       |       |     2 |       ||     2
Invok: Stomp             |       |       |       |     4 |     5 |     1 ||    10
       Line Pass         |       |       |       |     3 |     3 |     3 ||     9
       Grand Finale      |       |       |       |       |     1 |     1 ||     2
Evoke: Wand              |       |     1 |     4 |     7 |    23 |    23 ||    58
       Phial of floods   |       |       |       |       |     2 |     1 ||     3
       Rod               |       |       |       |       |     3 |     9 ||    12
       Lamp of fire      |       |       |       |       |       |     2 ||     2
       Box of beasts     |       |       |       |       |       |     2 ||     2
  Use: Scroll            |     3 |     6 |     7 |     5 |    19 |     9 ||    49
       Potion            |       |       |     1 |     1 |     9 |     9 ||    20
 Stab: Confused          |       |       |     1 |     2 |     6 |     2 ||    11
       Paralysed         |       |       |       |    41 |    93 |    42 ||   176
       Distracted        |       |       |       |     1 |       |     2 ||     3
  Eat: Chunk             |     1 |     4 |     8 |    25 |    37 |    13 ||    88
       Royal jelly       |       |       |     1 |       |     1 |       ||     2
       Meat ration       |       |       |       |       |     2 |     3 ||     5
       Fruit             |       |       |       |       |       |     5 ||     5
Armor: Ring mail         |    29 |    22 |    38 |       |       |       ||    89
       Scale mail        |     2 |       |       |       |       |       ||     2
       Plate armour      |       |       |    32 |   174 |   491 |       ||   697
       Chain mail        |       |       |       |       |    69 |   305 ||   374
Dodge: Dodged            |    25 |    29 |    80 |   129 |   468 |   238 ||   969
Block: Shield            |    43 |    33 |       |       |       |       ||    76
       Buckler           |       |     2 |    52 |   144 |    16 |       ||   214
       Other             |       |       |       |       |   155 |    88 ||   243
